 Dungeon Crawl Stone Soup version 0.29-a0-392-g297d3b089c (webtiles) character file.

Game seed: 3695555852336316444

7 quokkamancerX the Caller (level 1, -1/14 HPs)
             Began as a Draconian Summoner on May 8, 2022.
             Slain by a hobgoblin (4 damage)
             ... on level 1 of the Dungeon.
             The game lasted 00:01:43 (169 turns).

quokkamancerX the Caller (Draconian Summoner)        Turns: 169, Time: 00:01:44

Health: -1/14      AC:  4    Str: 10    XL:     1   Next: 83%
Magic:  1/3        EV: 12    Int: 15    God:
Gold:   17         SH:  0    Dex: 11    Spells: 3/4 levels left

rFire   . . .      SeeInvis .   c - +0 dagger
rCold   . . .      Faith    .   (no shield)
rNeg    . . .      Spirit   .   (body armour unavailable)
rPois   .          Reflect  .   (helmet restricted)
rElec   .          Harm     .   (no cloak)
rCorr   .          Rampage  .   (no gloves)
Will    .....                   (no boots)
Stlth   ++........              (no amulet)
HPRegen 0.04/turn               (no ring)
MPRegen 0.08/turn               (no ring)

@: slowed, very slow
A: AC +4, unfitting armour, cold-blooded
a: no special abilities


You were on level 1 of the Dungeon.
You visited 1 branch of the dungeon, and saw 1 of its levels.

You collected 17 gold pieces.

Inventory:

Hand Weapons
 c - a +0 dagger (weapon)
Missiles
 d - 4 poisoned darts
Potions
 a - a potion of magic
 b - a potion of might {unknown}


   Skills:
 - Level 1.7 Dodging
 - Level 1.7 Stealth
 + Level 2.2 Spellcasting
 + Level 4.2 Summonings


You had 3 spell levels left.
You knew the following spells:

 Your Spells              Type           Power      Damage    Failure   Level
a - Summon Small Mammal   Summ           56%        N/A       3%          1

Your spell library contained the following spells:

 Spells                   Type           Power      Damage    Failure   Level
 Call Imp                 Summ           14%        N/A       6%          2
 Call Canine Familiar     Summ           14%        N/A       12%         3
 Summon Guardian Golem    Hex/Summ       8%         N/A       26%         3
 Summon Lightning Spire   Summ/Air       8%         N/A       65%         4


Dungeon Overview and Level Annotations

Branches:
Dungeon (1/15)

Altars:


Innate Abilities, Weirdness & Mutations

Your plain brown scales are hard. (AC +4)
You cannot fit into any form of body armour.
You are cold-blooded and may be slowed by cold attacks.


Message History

The kobold misses your quokka.
Your quokka bites the kobold.
The kobold misses your quokka.
Your quokka misses the kobold. The kobold barely misses your quokka.
Your quokka misses the kobold. Your quokka misses the kobold.
The kobold closely misses your quokka.
Your quokka misses the kobold. The kobold barely misses your quokka.
Your quokka closely misses the kobold.
The kobold misses your quokka.
Your quokka bites the kobold.
You hit the endoplasm.
The endoplasm is heavily wounded.
Your quokka disappears in a puff of smoke!
The endoplasm barely misses you.
Your rat barely misses the kobold.
Casting: Summon Small Mammal (safe; 3% risk of failure)
Confirm with . or Enter, or press ? or * to list all spells.
The endoplasm barely misses you.
The kobold hits your rat with a +0 whip.
Your rat dies!
Your rat's corpse disappears in a puff of smoke!
Casting: Summon Small Mammal (safe; 3% risk of failure)
Confirm with . or Enter, or press ? or * to list all spells.
The endoplasm freezes you.
You are frozen.
You feel yourself slow down. The hobgoblin hits you.
Your rat bites the endoplasm but does no damage.
The endoplasm attacks as you move away! The endoplasm closely misses you.
The hobgoblin attacks as you move away!
The hobgoblin hits you but does no damage.
The endoplasm hits you but does no damage.
The hobgoblin barely misses you.
The kobold hits your quokka with a +0 whip.
Your quokka misses the kobold.
Your quokka barely misses the kobold.
You feel yourself speed up.
Your quokka barely misses the kobold.
The endoplasm freezes you.
You are frozen.
* * * LOW HITPOINT WARNING * * *
You feel yourself slow down. The hobgoblin barely misses you.
Your quokka bites the kobold.
There is an open door here.
You closely miss the hobgoblin.
Your tail-slap misses the hobgoblin.
The hobgoblin hits you.
You die...

.# .## #.##. ... ....
#.#####..#######
.......##.....##
#....##.......## #
#...J#.........#.#.#
#####.#rrKg#.........#....
.?..)...###@###......#...###
###....##..#..##.....#.#.##.
#.#.##...#.>.##....#.#.##. #
#.#....##.<.#...##...##. .
#.....##..#..##....##. ).
#......###'###.....##. #.
#.........#..†...#..K. ..
#.........#....).#.##.
##.......##...........


You could see an endoplasm (ally target), a hobgoblin, a kobold (ally target), a
friendly quokka (summoned) and a friendly rat (summoned).

Vanquished Creatures (collateral kills)
  An endoplasm (D:1)
  2 goblins (D:1)
  A hobgoblin (D:1)
  A kobold (D:1)
5 creatures vanquished.

Notes
Turn   | Place    | Note
-------+----------+-------------------------------------------
     0 | D:1      | quokkamancerX the Draconian Summoner began the quest for
                  | the Orb.
     0 | D:1      | Reached XP level 1. HP: 14/14 MP: 3/3
   169 | D:1      | Slain by a hobgoblin

Illustrated notes

Levels and vault maps discovered:
D:1:      co_arrival_two_rings, layout_loops_cross, serial_shops,
          nicolae_diamond_shop, minmay_pentomino_r2

Action                   || total
-------------------------++-------
Melee: Dagger            ||     2
 Cast: Summon Small Mamm ||    10
Armor: Skin              ||     2
Dodge: Dodged            ||     7

Table legend: (Time is in decaauts)
 A = Elapsed time spent in this place.
 B = Non-inter-level travel time spent in this place.
 C = Inter-level travel time spent in this place.
 D = Time resting spent in this place.
 E = Time spent auto-exploring this place.
 F = Levels seen in this place.
 G = Mean time per level.
                   A        B        C        D        E       F      G
               +--------+--------+--------+--------+--------+-----+--------+
         Total |    170 |    170 |      0 |     55 |     22 |   1 |  170.0 |
       Dungeon |    170 |    170 |      0 |     55 |     22 |   1 |  170.0 |
               +--------+--------+--------+--------+--------+-----+--------+

Top non-repeatable levels by time:
     D:1: 170 daAuts
